 Dungeon Crawl Stone Soup version 0.31-a0-150-g89dc3ad700 (webtiles) character file.

Game seed: 13794343697555643346

76 KristoblXynda the Ducker (level 4, -1/36 HPs)
             Began as a Spriggan Berserker on June 8, 2023.
             Was a Believer of Trog.
             Succumbed to an orc's poison
             ... on level 2 of the Dungeon.
             The game lasted 00:01:19 (849 turns).

KristoblXynda the Ducker (Spriggan Berserker)        Turns: 849, Time: 00:01:20

Health: -1/36      AC:  2    Str: 15    XL:     4   Next: 12%
Magic:  5/5        EV: 18    Int:  8    God:    Trog [**....]
Gold:   54         SH:  0    Dex: 14    Spells: 3/3 levels left

rFire   . . .        a - +0 short sword
rCold   . . .        (no shield)
rNeg    . . .        b - +0 animal skin
rPois   .            (helmet restricted)
rElec   .            (no cloak)
rCorr   .            (gloves unavailable)
SInv    +            (boots unavailable)
Will    .....        g - amulet of regeneration Stlth
                     (no ring)
HPRegen 1.06/turn    (no ring)
MPRegen 0.09/turn

%: no passive effects
@: berserking, lethally poisoned (-1 -> -4), very quick
A: very small, no large weapons, unfitting armour, see invisible, speed 3
a: Renounce Religion, Berserk, Trog's Hand


You were on level 2 of the Dungeon.
You worshipped Trog.
Trog was pleased with you.
You visited 1 branch of the dungeon, and saw 2 of its levels.

You collected 54 gold pieces.

Inventory:

Hand Weapons
 a - a +0 short sword (weapon)
Missiles
 c - 2 throwing nets
Armour
 b - a +0 animal skin (worn)
Jewellery
 g - an amulet of regeneration (around neck)
Scrolls
 f - 3 scrolls of magic mapping {unknown}
 h - 2 scrolls of teleportation {unknown}
 j - a scroll of enchant armour {unknown}
Potions
 d - a potion of resistance {unknown}
 e - 3 potions of attraction {unknown}
 i - a potion of haste {unknown}
 k - a potion of might {unknown}


   Skills:
 + Level 3.0 Fighting
 + Level 3.9 Short Blades
 + Level 4.8 Dodging
 + Level 2.8 Stealth


You had 3 spell levels left.
You didn't know any spells.
Your spell library was empty.

Dungeon Overview and Level Annotations

Branches:
Dungeon (2/15)

Altars:


Innate Abilities, Weirdness & Mutations

You are very small and have problems with some larger weapons.
You are too small for most types of armour.
You have supernaturally acute eyesight. (SInv)
You cover ground extremely quickly. (Speed+++)


Message History

Pain shoots through your body!
* * * LOW HITPOINT WARNING * * *
You are too injured to fight recklessly!
You are too injured to fight recklessly!
You are too injured to fight recklessly!
You are too injured to fight recklessly!
You are too injured to fight recklessly!
You are too injured to fight recklessly!
You are too injured to fight recklessly!
You are too injured to fight recklessly!
You are too injured to fight recklessly!
Unknown command.
A red film seems to cover your vision as you go berserk!
You feel yourself moving faster!
You feel mighty! The orc closely misses you.
The orc priest hits you with a +0 dagger.
* * * LOW HITPOINT WARNING * * *
You puncture the orc priest!
You kill the orc priest!
Trog accepts your kill. The orc barely misses you.
Your Fighting skill increases to level 3!
You have reached level 4!
You hit the giant cockroach.
The giant cockroach is almost dead.
You hit the giant cockroach.
You kill the giant cockroach!
Trog accepts your kill.
You hit the orc.
The orc is severely wounded.
The orc hits you with a +2 dagger of venom.
* * * LOW HITPOINT WARNING * * *
You are lethally poisoned!
You puncture the orc!
You kill the orc!
Trog accepts your kill.
* * * LOW HITPOINT WARNING * * *
You feel sick.
You are too berserk!
Unknown command.
You die...

## .. #. ### #. #.. #.
#.# ###+#. #.#
#....)###.######.#.##...
#....))@.........#......
......####...#### .....#
..... ###.# #.....# ....
#.#####.....# ...
#.....#.....# ..
####........# .
#..).....# #.....####
####.....#####


There were no monsters in sight!

Vanquished Creatures
  An orc priest (D:2)
  An adder (D:2)
  2 orcs (D:2)
  2 ball pythons (D:1)
  4 endoplasms (D:1)
  5 giant cockroaches
  5 goblins
  3 hobgoblins (D:1)
  2 kobolds (D:1)
  A quokka (D:1)
  A bat (D:1)
  2 frilled lizards (D:1)
  3 rats (D:1)
32 creatures vanquished.

Notes
Turn   | Place    | Note
-------+----------+-------------------------------------------
     0 | D:1      | KristoblXynda the Spriggan Berserker began the quest for
                  | the Orb.
     0 | D:1      | Reached XP level 1. HP: 11/11 MP: 2/2
   130 | D:1      | Reached skill level 1 in Stealth
   181 | D:1      | Reached XP level 2. HP: 16/16 MP: 3/3
   584 | D:1      | Reached XP level 3. HP: 19/19 MP: 4/4
   805 | D:2      | Reached ** piety under Trog
   843 | D:2      | Reached XP level 4. HP: 5/24 MP: 5/5
   848 | D:2      | HP: 1/36 [poisoned by an orc]
   849 | D:2      | Succumbed to an orc's poison

Illustrated notes

Levels and vault maps discovered:
D:1:      lightli_arrival_boilingwater, layout_basic, kennysheep_boxes
D:2:      layout_basic, serial_shops, nicolae_shop_tiny_real_fake_doors,
          kennysheep_nondescript, minmay_pentomino_s4, uniq_robin, uniq_sigmund

Skill      XL: |  1  2  3 |
---------------+----------+-----
Stealth        | 1 2 |  2.8
Fighting       | 3 |  3.0
Short Blades   | |  3.9
Dodging        | |  4.8

Action                     |  1- 3 |  4- 6 || total
---------------------------+-------+-------++-------
  Melee: Short sword       |   119 |     4 ||   123
         Punch             |     1 |       ||     1
 Invoke: Berserk           |     3 |       ||     3
   Stab: Sleeping          |     3 |       ||     3
 Armour: Animal skin       |    11 |       ||    11
  Dodge: Dodged            |    77 |       ||    77

Table legend: (Time is in decaauts)
 A = Elapsed time spent in this place.
 B = Non-inter-level travel time spent in this place.
 C = Inter-level travel time spent in this place.
 D = Time resting spent in this place.
 E = Time spent auto-exploring this place.
 F = Levels seen in this place.
 G = Mean time per level.
                   A        B        C        D        E       F      G
               +--------+--------+--------+--------+--------+-----+--------+
         Total |    611 |    590 |     21 |    108 |    289 |   2 |  305.5 |
       Dungeon |    611 |    590 |     21 |    108 |    289 |   2 |  305.5 |
               +--------+--------+--------+--------+--------+-----+--------+

Top non-repeatable levels by time:
     D:1: 511 daAuts
     D:2: 99 daAuts
